 Dungeon Crawl Stone Soup version 0.31-a0-851-g7ff8af7976 (webtiles) character file.

Game seed: 7702412085916400350

739 wvc the Conjurer (level 7, -2/36 HPs)
             Began as a Gargoyle Fire Elementalist on Oct 5, 2023.
             Was an Initiate of Vehumet.
             Slain by Edmund
             ... wielding a +4 flail of holy wrath
              (9 damage)
             ... on level 6 of the Dungeon.
             The game lasted 00:19:05 (6055 turns).

wvc the Conjurer (Gargoyle Fire Elementalist)       Turns: 6055, Time: 00:19:06

Health: -2/36      AC:  7    Str: 15    XL:     7   Next: 75%
Magic:  8/13       EV: 11    Int: 18    God:    Vehumet [......]
Gold:   353        SH:  0    Dex: 10    Spells: 5/15 levels left

rFire   + . .        G - +1 dagger of Gehenna {freeze, rC+ Str+4}
rCold   + . .        (no shield)
rNeg    + . .        k - +0 leather armour
rPois   ∞            (no helmet)
rElec   +            z - scarf {+Inv}
rCorr   .            (no gloves)
SInv    .            (no boots)
Will    .....        (no amulet)
Stlth   ++           r - ring of protection from fire
HPRegen 0.26/turn    (no ring)
MPRegen 0.13/turn

%: no passive effects
@: no status effects
A: sickness immunity, AC +4, negative energy resistance 1, electricity
resistance, torment resistance 1, petrification resistance
a: Renounce Religion, Evoke Invisibility


You were on level 6 of the Dungeon.
You worshipped Vehumet.
Vehumet was noncommittal.
You visited 2 branches of the dungeon, and saw 7 of its levels.

You collected 353 gold pieces.

Inventory:

Hand Weapons
 B - a +3 dagger of holy wrath
 C - the +2 orcbow "Poehe" {freeze, rN+ MP-9 Dex+3}
   (You found it on level 4 of the Dungeon)

   Dex+3:     It affects your dexterity (+3).
   rN+:       It protects you from negative energy.
   MP-9:      It affects your magic capacity (-9).
 G - the +1 dagger of Gehenna (weapon) {freeze, rC+ Str+4}
   (You found it on level 5 of the Dungeon)

   Str+4:     It affects your strength (+4).
   rC+:       It protects you from cold.
Missiles
 o - 7 poisoned darts (quivered)
Armour
 a - a +0 cloak
 j - a +0 ring mail
 k - a +0 leather armour (worn)
 v - a +0 helmet of see invisible
 z - a scarf of invisibility (worn)
Magical Staves
 y - a staff of air
Jewellery
 r - a ring of protection from fire (left hand)
 A - a ring of protection from cold
Scrolls
 d - 4 scrolls of teleportation
 g - 2 scrolls of amnesia
 l - 2 scrolls of revelation
 m - 5 scrolls of fear
Potions
 b - a potion of magic
 c - a potion of cancellation {unknown}
 f - a potion of curing
 h - 2 potions of mutation
 p - a potion of degeneration {unknown}
 q - a potion of lignification {unknown}
 s - 3 potions of attraction {unknown}
 w - a potion of might {unknown}
 D - a potion of enlightenment {unknown}
 F - a potion of berserk rage {unknown}


   Skills:
 - Level 1.5 Dodging
 - Level 2.1 Stealth
 + Level 4.6 Spellcasting
 - Level 6.0 Conjurations
 + Level 5.1 Fire Magic


You had 5 spell levels left.
You knew the following spells:

 Your Spells              Type           Power      Damage    Failure   Level
a - Foxfire               Conj/Fire      96%        2x1d8     1%          1
b - Scorch                Fire           44%        2d6       3%          2
c - Inner Flame           Hex/Fire       13%        N/A       19%         3
d - Flame Wave            Conj/Fire      24%        2d8       17%         4

Your spell library contained the following spells:

 Spells                   Type           Power      Damage    Failure   Level
 Sting                    Tmut/Pois      16%        1d3       17%         1
 Volatile Blastmotes      Fire/Tloc      26%        2d12      19%         3
 Ensorcelled Hibernation  Hex/Ice        8%         N/A       26%         2
 Passwall                 Tmut/Erth      3%         N/A       26%         2
 Ozocubu's Armour         Ice            4%         N/A       45%         3
 Swiftness                Air            4%         N/A       45%         3
 Metabolic Englaciation   Hex/Ice        2%         N/A       99%         5
 Simulacrum               Ice/Necr       2%         N/A       100%        6


Dungeon Overview and Level Annotations

Branches:
Dungeon (6/15)             Temple (1/1) D:5

Altars:
Ashenzari
Cheibriados
Dithmenos
Elyvilon
Fedhas
Gozag
Hepliaklqana
Kikubaaqudgha
Makhleb
Nemelex Xobeh
Okawaru
Qazlal
Ru
Sif Muna
Trog
Uskayaw
Vehumet
Wu Jian
Xom
Yredelemnul
Zin
The Shining One

Annotations:
D:3 Sigmund
D:6 Edmund


Innate Abilities, Weirdness & Mutations

You are immune to sickness and miasma.
Your stone body is resilient. (AC +4)
You are immune to poison.
You resist negative energy. (rN+)
You are resistant to electric shocks. (rElec)
You are resistant to unholy torment.
You are immune to petrification.


Message History

Edmund is lightly wounded.
Casting: Foxfire (safe; 1% risk of failure)
Confirm with . or Enter, or press ? or * to list all spells.
You conjure some foxfire!
The foxfire hits Edmund but does no damage.
Edmund is lightly wounded.
The foxfire hits Edmund but does no damage.
Edmund is lightly wounded.
Casting: Foxfire (safe; 1% risk of failure)
Confirm with . or Enter, or press ? or * to list all spells.
You conjure some foxfire!
Your foxfire dissipates!
The foxfire hits Edmund but does no damage.
Edmund is lightly wounded.
Edmund attacks as he pursues you! Edmund barely misses you.
Casting: Foxfire (safe; 1% risk of failure)
Confirm with . or Enter, or press ? or * to list all spells.
You conjure some foxfire!
Edmund hits you with a +4 flail of holy wrath!
The foxfire hits Edmund but does no damage.
Edmund is moderately wounded.
The foxfire hits Edmund.
Edmund is moderately wounded.
Edmund attacks as he pursues you!
Edmund hits you with a +4 flail of holy wrath.
Casting: Foxfire (safe; 1% risk of failure)
Confirm with . or Enter, or press ? or * to list all spells.
You conjure some foxfire!
Edmund hits you with a +4 flail of holy wrath!
* * * LOW HITPOINT WARNING * * *
Edmund looks more healthy.
The foxfire hits Edmund.
Edmund is moderately wounded.
The foxfire hits Edmund.
Edmund is heavily wounded.
Casting: Foxfire (safe; 1% risk of failure)
Confirm with . or Enter, or press ? or * to list all spells.
You conjure some foxfire!
Edmund hits you with a +4 flail of holy wrath!
You die...
Edmund says, "I'd like to see a scythe do that!"

.................................
.........###..........# #...(....
......................# #.>..####
......................####....)..
................)........(.##.##.
...# .......⌠.⌠)................
...#.........._)..........##.....
.............⌠)v)v...............
.........#.....)@@.........##....
.......#........§####.......+....
.......#........... #.......#....
....................#............
....................#.........###
.................................
.................................
....... .#......................
.............


You could see Edmund (ally target).

Vanquished Creatures
  An ice beast (D:5)
  A phantom (D:5)
  A kobold brigand (D:6)
  A scorpion (D:5)
  An orc priest (D:3)
  2 hounds
  2 iguanas
  Natasha (thrice) (D:4)
  Robin (D:3)
  4 gnolls (D:1)
  4 adders
  A shadow imp (D:5)
  An ufetubus (D:5)
  A worm (D:2)
  4 dart slugs
  7 orcs
  2 bats (D:1)
  4 endoplasms
  3 giant cockroaches
  21 goblins
  13 hobgoblins
  12 jackals
  3 quokkas
  4 ball pythons
  A frilled lizard (D:1)
  14 kobolds
  3 rats
115 creatures vanquished.

Vanquished Creatures (others)
  335 foxfires
335 creatures vanquished.

Grand Total: 450 creatures vanquished

Notes
Turn   | Place    | Note
-------+----------+-------------------------------------------
     0 | D:1      | wvc the Gargoyle Fire Elementalist began the quest for the
                  | Orb.
     0 | D:1      | Reached XP level 1. HP: 10/10 MP: 3/3
   191 | D:1      | Reached XP level 2. HP: 15/15 MP: 1/5
   704 | D:1      | Found a faded altar of an unknown god.
   714 | D:1      | Got a well-preserved book
   805 | D:1      | Reached XP level 3. HP: 19/19 MP: 2/6
  1132 | D:2      | Reached skill level 2 in Conjurations
  1549 | D:1      | Reached XP level 4. HP: 9/24 MP: 2/7
  2137 | D:2      | Reached skill level 3 in Conjurations
  2302 | D:3      | Reached XP level 5. HP: 27/28 MP: 4/9
  2432 | D:3      | Noticed Sigmund
  3033 | D:3      | Noticed Robin
  3043 | D:3      | Killed Robin
  3487 | D:3      | Reached skill level 4 in Conjurations
  3800 | D:4      | Reached XP level 6. HP: 32/32 MP: 4/11
  3902 | D:4      | Identified the +2 orcbow "Poehe" {freeze, rN+ MP-9 Dex+3}
  3999 | D:4      | Noticed Natasha
  4005 | D:4      | Killed Natasha
  4137 | D:4      | Noticed Natasha
  4145 | D:4      | Killed Natasha
  4199 | D:4      | Noticed Natasha
  4217 | D:4      | Killed Natasha
  4329 | D:5      | Entered Level 5 of the Dungeon
  4566 | D:5      | Noticed an ice beast
  4587 | D:5      | Killed an ice beast
  4588 | D:5      | Reached skill level 5 in Conjurations
  4588 | D:5      | Reached XP level 7. HP: 36/36 MP: 8/13
  4758 | D:5      | Identified the +1 dagger of Gehenna {freeze, rC+ Str+4}
  4964 | D:5      | Found a staircase to the Ecumenical Temple.
  4973 | Temple   | Entered the Ecumenical Temple
  4982 | Temple   | Became a worshipper of Vehumet
  5306 | D:6      | Learned a level 2 spell: Scorch
  5310 | D:6      | Learned a level 3 spell: Inner Flame
  5315 | D:6      | Learned a level 4 spell: Flame Wave
  5395 | D:5      | Reached skill level 5 in Fire Magic
  5554 | D:6      | Noticed Edmund
  5899 | D:5      | Noticed a rust devil
  5899 | D:5      | Noticed a rust devil
  5938 | D:6      | Found a sparkling altar of Nemelex Xobeh.
  5962 | D:6      | Reached skill level 6 in Conjurations
  6055 | D:6      | Slain by Edmund

Illustrated notes

Levels and vault maps discovered:
D:1:      shiori_arrival_maze, layout_loops_ring,
          shapermc_ecumenical_altar_rom_forum
D:2:      cheibrodos_greedy_goblins, layout_loops_ring
D:3:      layout_basic, grunt_ministairs_10, interstate_on_off, uniq_sigmund,
          uniq_robin
D:4:      layout_rooms, uniq_natasha
D:5:      cheibrodos_iron_armory, layout_basic, lemuel_temple_firewalk_a
D:6:      layout_basic, nemelex_xobeh_ov_fountains_minmay, uniq_edmund
Temple:   compressed_dpeg_circular_temple

Skill      XL: |  1  2  3  4  5  6  7 |
---------------+----------------------+-----
Conjurations   | 2 3 4 5 6 |  6.0
Fire Magic     | 4 5 |  5.1
Spellcasting   | 3 4 |  4.6
Dodging        | |  1.5
Stealth        | |  2.1

Action                     |  1- 3 |  4- 6 |  7- 9 || total
---------------------------+-------+-------+-------++-------
  Melee: Unarmed           |    11 |    19 |       ||    30
         Dagger            |       |    12 |    49 ||    61
         Punch             |       |       |     1 ||     1
   Fire: Orcbow            |       |    43 |       ||    43
  Throw: Dart              |       |       |     4 ||     4
   Cast: Foxfire           |    53 |    97 |    42 ||   192
         Scorch            |       |       |     1 ||     1
    Use: Scroll            |       |       |    13 ||    13
         Potion            |       |       |     2 ||     2
 Armour: Robe              |     6 |       |       ||     6
         Leather armour    |    24 |   106 |    62 ||   192
  Dodge: Dodged            |    18 |    79 |    39 ||   136

Table legend: (Time is in decaauts)
 A = Elapsed time spent in this place.
 B = Non-inter-level travel time spent in this place.
 C = Inter-level travel time spent in this place.
 D = Time resting spent in this place.
 E = Time spent auto-exploring this place.
 F = Levels seen in this place.
 G = Mean time per level.
                   A        B        C        D        E       F      G
               +--------+--------+--------+--------+--------+-----+--------+
         Total |   6076 |   5710 |    366 |    672 |   3762 |   7 |  868.0 |
       Dungeon |   6057 |   5699 |    358 |    672 |   3762 |   6 | 1009.5 |
        Temple |     18 |     10 |      8 |      0 |      0 |   1 |   18.0 |
               +--------+--------+--------+--------+--------+-----+--------+

Top non-repeatable levels by time:
     D:1: 1329 daAuts
     D:3: 1251 daAuts
     D:5: 1245 daAuts
     D:2: 1035 daAuts
     D:4: 747 daAuts
     D:6: 448 daAuts
  Temple: 18 daAuts
